 Dungeon Crawl Stone Soup version 0.15-a0-1224-g3833f9c (webtiles) character file.

436 Quh the Grave Robber (level 7, 0/50 HPs)
             Began as a Human Necromancer on June 2, 2014.
             Was an Initiate of Yredelemnul.
             Slain by an ogre
             ... wielding a +0,+0 giant club
              (19 damage)
             ... on Level 4 of the Dungeon.
             The game lasted 00:29:11 (5389 turns).

Quh the Grave Robber (Human Necromancer)            Turns: 5389, Time: 00:29:11

HP   0/50        AC  5     Str  8      XL: 7   Next: 21%
MP  11/15        EV 11     Int 17      God: Yredelemnul [......]
Gold 283         SH  0     Dex 14      Spells:  5 memorised,  1 level left

rFire  . . .     SeeInvis .     I - +0,+2 mace (crush)
rCold  . . .     Clarity  .     t - +2 leather armour
rNeg   + . .     rCorr    .     (no shield)
rPois  .         rRot     .     (no helmet)
rElec  .         Spirit   .     (no cloak)
SustAb .         Warding  +     (no gloves)
rMut   .         Stasis   .     (no boots)
Gourm  .                        x - amulet of warding
MR     +....                    (no ring)
                                M - ring of protection from magic

@: somewhat resistant to hostile enchantments, unstealthy
A: no striking features
a: Renounce Religion


You were on level 4 of the Dungeon.
You worshipped Yredelemnul.
Yredelemnul was noncommittal.
You were hungry.

You visited 1 branch of the dungeon, and saw 4 of its levels.

You collected 283 gold pieces.

Inventory:

Hand weapons
 h - a +1,+1 dagger
 k - a +3,+0 dagger of speed
 s - a +0,+0 war axe
 G - a -2,-3 flail
 I - a +0,+2 mace of crushing (weapon)
 K - a +0,+2 dagger of draining
Missiles
 m - 6 poisoned bolts
 R - 8 poisoned tomahawks (quivered)
Armour
 a - a +0 robe
 t - a +2 leather armour (worn)
 y - a +0 robe
Comestibles
 c - 5 bread rations
 g - a meat ration
 q - a royal jelly
 C - 2 beef jerkies
 E - 2 fruits
 Q - 3 rotting chunks of orc flesh
 S - a slice of pizza
Scrolls
 d - a scroll of noise {unknown}
 e - a scroll of enchant weapon I
 l - a scroll of random uselessness {unknown}
 n - a scroll of magic mapping {unknown}
 o - 2 scrolls of identify
 p - 2 scrolls of fear
 r - a scroll of enchant weapon II {unknown}
 w - 2 scrolls of enchant armour {unknown}
 B - a scroll of teleportation {unknown}
 D - 4 scrolls of amnesia {unknown}
 J - a scroll of remove curse
Jewellery
 u - an uncursed amulet of faith
 x - an amulet of warding (around neck)
 F - an uncursed amulet of inaccuracy
 M - a ring of protection from magic (left hand)
Potions
 f - 3 potions of heal wounds
 i - a potion of restore abilities {unknown}
 j - 7 potions of curing
 v - 2 potions of flight {unknown}
 z - a potion of resistance {unknown}
 A - a potion of invisibility {unknown}
 H - a potion of haste {unknown}
 N - 2 potions of lignification {unknown}
Books
 b - a book of Necromancy

   Spells                             Type                      Level
   *Pain                              Necromancy                   1
   *Animate Skeleton                  Necromancy                   1
   *Vampiric Draining                 Necromancy                   3
   *Regeneration                      Charms/Necromancy            3
   *Animate Dead                      Necromancy                   4
   Control Undead                     Necromancy                   4


   Skills:
 * Level 2.0 Fighting
 + Level 2.2 Dodging
 * Level 3.0 Stealth
 + Level 3.8 Spellcasting
 * Level 2.1 Charms
 * Level 5.8 Necromancy


You had one spell level left.
You knew the following spells:

 Your Spells              Type           Power        Failure   Level  Hunger
a - Pain                  Necr           ###.         1%          1    None
b - Animate Skeleton      Necr           N/A          1%          1    None
c - Vampiric Draining     Necr           ###.......   6%          3    ###....
d - Regeneration          Chrm/Necr      ###.......   12%         3    ###....
e - Animate Dead          Necr           N/A          17%         4    ####...


Dungeon Overview and Level Annotations

Branches:
Dungeon (4/15)
 Temple: D:4-7

Altars:
Cheibriados
Okawaru
Yredelemnul

Annotations:
D:2 Crazy Yiuf, Sigmund


Message History

Casting: Pain
Confirm with . or Enter, or press ? or * to list all spells.
Aiming: Pain
Press: ? - help, Shift-Dir - straight line, f/p - ogre
Aim: an ogre, wielding a giant club (heavily wounded)
The ogre convulses in agony!
Casting: Pain
Confirm with . or Enter, or press ? or * to list all spells.
Aiming: Pain
Press: ? - help, Shift-Dir - straight line, f/p - ogre
Aim: an ogre, wielding a giant club (severely wounded)
The ogre convulses in agony!
The ogre misses you.
Casting: Pain
Confirm with . or Enter, or press ? or * to list all spells.
Aiming: Pain
Press: ? - help, Shift-Dir - straight line, f/p - ogre
Aim: an ogre, wielding a giant club (almost dead)
The ogre convulses in agony!
The ogre hits you with a giant club!!
You die...
Your body rises from the dead as a mindless zombie.

###### #### ##....>
..# .(.# #.#
########## ...#
##.########........#
##.#
#...ZZ.ZZ...######Z#
#.# #.<########## #.#
#.#
#...@#############Z#
#.#
##.###OZ.........##Z#
#.# #.##
##[#.#.####.##.# #.#
#.# #.#.#.####.#.Z#
#.# #Z##
##......Z...#Z## #.##
##Z###.#..#.######.#
#..# ##Z.[##..#.# #.#
##.#
#########.###..#.#
#.# #.#
#..............#.#
#.#


You could see an ogre and a friendly orc skeleton.

Vanquished Creatures
  An orc warrior (D:4)
  A goliath beetle (D:3)
  An orc wizard (D:4)
  2 worker ants (D:4)
  4 gnolls
  8 adders
  A giant mite (D:4)
  2 worms (D:2)
  3 giant geckos
  An ooze (D:3)
  17 orcs
  5 bats
  3 giant cockroaches
  12 goblins
  5 hobgoblins
  2 jackals (D:3)
  4 kobolds
  2 ball pythons
  4 giant newts
  A quokka (D:4)
  12 rats
91 creatures vanquished.

Vanquished Creatures (collateral kills)
  A gnoll (D:3)
  2 adders (D:3)
  A worm (D:4)
  An orc (D:3)
  A bat (D:1)
  A giant cockroach (D:2)
  A ball python skeleton (D:4)
  A giant newt (D:3)
  A goblin (D:2)
  A hobgoblin zombie (D:3)
  A kobold (D:3)
  2 rats
14 creatures vanquished.

Vanquished Creatures (others)
  4 adder skeletons
  A bat skeleton (D:2)
  A giant gecko skeleton (D:3)
  2 giant newt skeletons
  3 goblin skeletons
  A hobgoblin skeleton (D:1)
  2 kobold skeletons (D:3)
  6 orc skeletons
  4 rat skeletons
24 creatures vanquished.

Grand Total: 129 creatures vanquished

Notes
Turn   | Place    | Note
--------------------------------------------------------------
     0 | D:1      | Quh, the Human Necromancer, began the quest for the Orb.
     0 | D:1      | Reached XP level 1. HP: 13/13 MP: 3/3
     2 | D:1      | Learned a level 1 spell: Animate Skeleton
   333 | D:1      | Reached XP level 2. HP: 16/19 MP: 2/4
   334 | D:1      | Found an iron altar of Okawaru.
   699 | D:1      | Reached XP level 3. HP: 20/24 MP: 1/6
  1039 | D:2      | Learned a level 3 spell: Vampiric Draining
  1226 | D:2      | Noticed Sigmund
  1908 | D:2      | Reached XP level 4. HP: 7/30 MP: 0/9
  2040 | D:2      | Found a snail-covered altar of Cheibriados.
  2345 | D:2      | Learned a level 3 spell: Regeneration
  2474 | D:2      | Noticed Crazy Yiuf
  2752 | D:3      | Reached skill level 5 in Necromancy
  2956 | D:3      | Reached XP level 5. HP: 12/35 MP: 3/11
  3333 | D:3      | Reached skill level 1 in Charms
  3339 | D:3      | Reached skill level 1 in Fighting
  3944 | D:3      | Reached XP level 6. HP: 29/43 MP: 2/13
  4033 | D:3      | Learned a level 4 spell: Animate Dead
  4514 | D:4      | Found a basalt altar of Yredelemnul.
  4531 | D:4      | Became a worshipper of Yredelemnul the Dark
  5154 | D:4      | Noticed an orc warrior
  5170 | D:4      | Killed an orc warrior
  5170 | D:4      | Reached XP level 7. HP: 9/50 MP: 5/15
  5389 | D:4      | Slain by an ogre

Action                   |  1- 3 |  4- 6 |  7- 9 || total
-------------------------+-------+-------+-------++-------
Melee: Dagger            |    47 |    33 |       ||    80
       Mace              |       |    18 |       ||    18
 Cast: Pain              |    63 |   175 |     8 ||   246
       Animate Skeleton  |     9 |    25 |     1 ||    35
  Use: Potion            |       |     1 |       ||     1
       Scroll            |       |     5 |       ||     5
 Stab: Sleeping          |     2 |       |       ||     2
